 Dungeon Crawl Stone Soup version 0.22-a0-525-gf69a080 (webtiles) character file.

94402 kae the Martial Artist (level 15, -1/175 HPs)
             Began as a Demonspawn Transmuter on June 20, 2018.
             Was the Champion of Okawaru.
             Slain by an alligator (4 damage)
             ... on level 2 of the Swamp.
             The game lasted 00:36:13 (27608 turns).

kae the Martial Artist (Demonspawn Transmuter)     Turns: 27608, Time: 00:36:14

Health: -1/175     AC: 11    Str: 16    XL:     15   Next: 63%
Magic:  0/29       EV: 23    Int: 15    God:    Okawaru [******]
Gold:   2251       SH:  2    Dex: 19    Spells: 19/34 levels left

rFire    . . .     SeeInvis +     - Unarmed
rCold    . . .     Gourm    .   (shield currently unavailable)
rNeg     + + +     Faith    .   t - +0 troll leather armour
rPois    +         Spirit   +   I - +0 hat {SInv}
rElec    .         Reflect  +   P - +1 cloak {MR+}
rCorr    .         Harm     .   (gloves currently unavailable)
MR       ++...                  N - +2 pair of boots {Fly}
Stlth    ..........             M - amulet "Xisi" {Reflect rN++ SH+2}
HPRegen  0.79/turn              B - ring of poison resistance
MPRegen  0.42/turn              w - ring of positive energy

@: berserking, blade hands (expiring), heroism, flying, very quick
A: claws 2, horns 2, talons 2, spiny 2, magic shield, magic regeneration
a: End Transformation, Heroism, Finesse, Renounce Religion, Stop Flying


You were on level 2 of the Swamp.
You worshipped Okawaru.
Okawaru was exalted by your worship.
You were near starving.
You had blades for hands.
You visited 3 branches of the dungeon, and saw 23 of its levels.
You also visited: Ice Cave.

You collected 2365 gold pieces.
You spent 114 gold pieces at shops.

Inventory:

Missiles
 a - 385 arrows
Armour
 t - a +0 troll leather armour (worn)
 I - a +0 hat of see invisible (worn)
 J - a scarf of resistance
 N - a +2 pair of boots of flying (worn)
 P - a +1 cloak of magic resistance (worn)
Jewellery
 w - a ring of positive energy (right scythe-like blade)
 B - a ring of poison resistance (left scythe-like blade)
 M - the amulet "Xisi" (around neck) {Reflect rN++ SH+2}
   (You acquired it on level 6 of the Lair of Beasts)

   [amulet of reflection]

   It shields you and reflects attacks.
   It greatly protects you from negative energy.
   It affects your SH (+2).
Wands
 c - a wand of acid (7)
 h - a wand of iceblast (15)
 l - a wand of flame (87)
 r - a wand of enslavement (10)
 x - a wand of paralysis (33)
 y - a wand of polymorph (7)
 E - a wand of clouds (8)
 F - a wand of digging (21)
 G - a wand of random effects (28)
 R - a wand of disintegration (17)
Scrolls
 f - 11 scrolls of teleportation
 g - 7 scrolls of identify
 k - 6 scrolls of enchant weapon
 m - 5 scrolls of magic mapping
 q - 12 scrolls of remove curse
 v - 3 scrolls of amnesia
 z - 4 scrolls of fog
 D - 2 scrolls of vulnerability
 K - 2 scrolls of enchant armour
 O - 2 scrolls of fear
Potions
 e - 5 potions of curing
 i - 5 potions of haste
 j - 4 potions of lignification
 n - 2 potions of cancellation
 p - 4 potions of agility
 s - 4 potions of ambrosia
 u - 3 potions of heal wounds
 A - a potion of invisibility
 C - 2 potions of brilliance
 H - 2 potions of magic
 L - 6 potions of might
Miscellaneous
 o - a phantom mirror
Comestibles
 d - 28 rations


   Skills:
 + Level 10.8(15.8) Fighting
 - Level 5.0(10.0) Armour
 + Level 8.9(13.9) Dodging
 * Level 13.8(18.8) Unarmed Combat
 + Level 10.2 Spellcasting
 * Level 10.9 Transmutations
 - Level 13.0 Invocations
 + Level 2.3 Evocations


You had 19 spell levels left.
You knew the following spells:

 Your Spells              Type           Power        Failure   Level  Hunger
a - Beastly Appendage     Tmut           #####.       8%          1    None
b - Sticks to Snakes      Tmut           #####...     9%          2    None
c - Spider Form           Tmut/Pois      ###.......   28%         3    None
d - Blade Hands           Tmut           #####.....   28%         5    #####..
e - Ice Form              Ice/Tmut       ###.....     50%         4    ###....

Your spell library contained the following spells:

 Spells                   Type           Power        Failure   Level  Hunger
 Apportation              Tloc           #.....       47%         1    None
 Bolt of Magma            Conj/Fire/Erth #.........   100%        5    #####..
 Confuse                  Hex            #.......     75%         3    None
 Invisibility             Hex            #.......     100%        6    ######.
 Summon Horrible Things   Summ           #.........   100%        8    #######
 Animate Dead             Necr           N/A          96%         4    ###....
 Pain                     Necr           #...         47%         1    None
 Animate Skeleton         Necr           N/A          47%         1    None
 Vampiric Draining        Necr           #.........   75%         3    None
 Regeneration             Chrm/Necr      #.........   75%         3    None
 Sublimation of Blood     Necr           #.........   58%         2    None
 Tukima's Dance           Hex            #.......     75%         3    None
 Summon Greater Demon     Summ           #.........   100%        7    #######
 Iron Shot                Conj/Erth      #.........   100%        6    ######.
 Stone Arrow              Conj/Erth      #.....       75%         3    None
 Statue Form              Tmut/Erth      ###......    99%         6    ######.
 Passwall                 Tmut/Erth      ###.....     21%         2    None
 Ignite Poison            Fire/Tmut/Pois ###.....     41%         3    None
 Ensorcelled Hibernation  Hex/Ice        #.....       58%         2    None
 Summon Butterflies       Summ           #.......     47%         1    None
 Shatter                  Erth           #.........   100%        9    #######
 Corona                   Hex            #......      47%         1    None
 Alistair's Intoxication  Tmut/Pois      ###.....     75%         5    #####..
 Lee's Rapid Deconstruct  Erth           #.........   100%        5    #####..
 Sandblast                Erth           #.....       47%         1    None
 Monstrous Menagerie      Summ           #.........   100%        7    #######
 Petrify                  Tmut/Erth      ###.....     50%         4    ###....
 Malign Gateway           Summ/Tloc      #.........   100%        7    #######
 Leda's Liquefaction      Hex/Erth       #.........   96%         4    ###....
 Dazzling Spray           Conj/Hex       #.....       75%         3    None
 Irradiate                Conj/Tmut      ###.......   75%         5    #####..
 Lesser Beckoning         Tloc           #.........   75%         3    None


Dungeon Overview and Level Annotations

Branches:
Dungeon (15/15)            Temple (0/1) D:6            Lair (6/6) D:10
  Swamp (2/4) Lair:2        Snake (0/4) Lair:4        Slime (0/5) Lair:6
    Orc (0/2) D:10         Vaults (0/5) D:13         Depths (0/5) D:15

Altars:
Cheibriados
Dithmenos
Fedhas
Hepliaklqana
Makhleb
Okawaru
Uskayaw
Vehumet
Wu Jian
Yredelemnul
The Shining One
Beogh
Jiyva

Shops:
D:6 ?(!   D:11 =

Annotations:
D:15 1 runed door, Deth's ghost, journeyman DsBe
Lair:5 2 transporters, Dukluodd's ghost, journeyman HaGl
Lair:6 2 runed doors


Innate Abilities, Weirdness & Mutations

You have very sharp fingernails.
You have a pair of horns on your head.
You have razor-sharp toenails.
You are mostly covered in sharp spines.
When hurt, damage is shared between your health and your magic reserves.
You regenerate magic rapidly.


Message History

You shred the hornet!!!
You kill the hornet!
Okawaru accepts your kill.
Your transformation is almost over.
You slice the cyan ugly thing!!
The cyan ugly thing is almost dead.
The cyan ugly thing is struck by your spines.
You kill the cyan ugly thing!
Okawaru accepts your kill.
You slash the cyan ugly thing!
The cyan ugly thing is lightly wounded.
You shred the cyan ugly thing!!!
The cyan ugly thing is severely wounded.
You hear a roar!
The cyan ugly thing claws you but does no damage.
You slice the alligator!!
The alligator is moderately wounded.
The alligator bites you but does no damage.
The alligator tail-slaps you.
You die...

≈.♣≈..≈≈≈≈≈≈≈.♣
≈.....≈≈≈≈≈≈≈.♣♣
§≈≈.≈≈≈.≈≈≈≈≈≈≈♣
..≈≈.≈≈≈≈≈w≈≈≈≈≈♣♣
≈≈≈..≈≈≈≈≈≈≈≈≈≈≈.♣
≈≈≈≈≈≈≈≈≈≈..≈≈≈≈≈♣
≈≈≈≈≈.≈u≈...≈≈≈.♣
≈≈≈≈≈≈≈≈.ut♣.≈≈≈.
≈≈≈≈.≈≈≈.†@♣≈≈≈.♣
$≈≈≈≈≈≈≈...≈.$.♣♣
♣..≈≈≈≈...≈♣.♣♣
♣♣.........≈≈≈♣
♣..♣≈♣.....≈♣♣
♣..≈♣♣≈≈≈≈.♣♣
♣≈...♣.≈≈≈.≈♣
♣♣♣≈≈♣.≈≈≈.♣♣
♣♣♣♣≈♣ ♣.≈≈.♣♣


You could see an alligator, 2 ugly things and a swamp worm.

Vanquished Creatures
  Nikola (Swamp:1)
  Gastronok (Lair:3)
  A caustic shrike zombie (D:15)
  Josephine (D:11)
  Erolcha (D:11)
  9 hydras
  A catoblepas (D:13)
  A centaur warrior (D:13)
  8 two-headed ogres
  2 dancing weapons (D:13)
  An alligator (Swamp:1)
  A vampire mage (D:15)
  11 death yaks
  2 spriggans (Swamp:1)
  5 skeletal warriors
  An unseen horror (D:12)
  A sphinx zombie (D:15)
  A necromancer (D:15)
  A shambling mangrove (Swamp:2)
  A lindwurm (Lair:6)
  13 ugly things
  A stone giant zombie (D:15)
  4 manticores
  9 elephants
  10 black mambas
  2 gargoyles
  3 molten gargoyles (Lair:6)
  9 spiny frogs
  4 rime drakes
  2 centaur skeletons
  An efreet (D:13)
  9 komodo dragons
  2 kobold demonologists (D:14)
  A guardian mummy (D:15)
  4 trolls
  4 tyrant leeches (Swamp:1)
  8 polar bears
  4 hornets
  A slime creature (D:9)
  5 blink frogs (Lair:4)
  2 bog bodies (Swamp:1)
  A meliai zombie (D:14)
  A spriggan zombie (D:15)
  A shadow (D:15)
  11 hippogriffs
  A water elemental (D:12)
  7 wraiths
  Sigmund (D:5)
  43 yaks
  5 wyverns
  4 basilisks
  7 hungry ghosts
  12 vampire mosquitoes
  3 steam dragons
  6 swamp worms
  An acid dragon (D:9)
  5 insubstantial wisps (Swamp:1)
  2 nagas (Lair:4)
  Menkaure (D:5)
  4 hell hounds (Lair:6)
  Duvessa (D:4)
  10 water moccasins
  14 orc warriors
  A sky beast (shapeshifter) (D:14)
  8 porcupines
  A black bear (D:12)
  2 swamp drakes
  6 sky beasts
  7 ice beasts
  3 necrophages
  2 phantoms
  13 ogres
  4 wolves (IceCv)
  8 centaurs
  21 crocodiles
  A crocodile (shapeshifter) (D:15)
  25 bullfrogs
  8 big kobolds
  Dowan (D:4)
  9 scorpions
  2 wyvern skeletons
  9 killer bees
  8 wights
  4 electric eels (D:12)
  5 howler monkeys
  8 crimson imps
  5 lava snakes (Lair:6)
  5 jellies
  3 quasits
  4 bullfrog zombies
  An iron imp (D:9)
  A centaur zombie (D:9)
  14 hounds
  3 bullfrog skeletons
  3 gnoll shamans (D:12)
  13 orc priests
  15 orc wizards
  7 iguanas
  10 worker ants
  A killer bee zombie (D:10)
  2 hound skeletons
  18 gnolls
  A howler monkey skeleton (D:9)
  2 worker ant zombies
  10 adders
  6 shadow imps
  An ooze (D:1)
  An adder zombie (D:9)
  An adder skeleton (D:4)
  3 worms
  A dart slug (D:1)
  4 leopard geckos
  91 orcs
  2 ball pythons
  6 giant cockroaches
  4 goblins
  10 hobgoblins
  11 jackals
  7 quokkas
  13 bats
  8 frilled lizards
  A jackal zombie (D:6)
  18 kobolds
  2 leopard gecko skeletons
  A leopard gecko zombie (D:5)
  A quokka zombie (D:7)
  15 rats
771 creatures vanquished.

Vanquished Creatures (collateral kills)
  A water moccasin (Lair:3)
1 creature vanquished.

Vanquished Creatures (others)
  An orc warrior (D:10)
  3 orcs
  3 bushes (D:9)
  3 fungi (Lair:5)
  8 plants
  2 withered plants (D:15)
20 creatures vanquished.

Grand Total: 792 creatures vanquished

Notes
Turn   | Place    | Note
-------+----------+-------------------------------------------
     0 | D:1      | kae the Demonspawn Transmuter began the quest for the Orb.
     0 | D:1      | Reached XP level 1. HP: 15/15 MP: 3/3
   119 | D:1      | Gained mutation: You have a pair of small horns on your head. [demonic ancestry]
   119 | D:1      | Reached XP level 2. HP: 21/21 MP: 3/5
   318 | D:1      | Learned a level 2 spell: Sticks to Snakes
   732 | D:1      | Gained mutation: When hurt, damage is shared between your health and your magic reserves. [demonic ancestry]
   732 | D:1      | Reached XP level 3. HP: 20/26 MP: 6/6
  1806 | D:2      | Learned a level 3 spell: Spider Form
  2402 | D:3      | Found a hazy altar of Hepliaklqana.
  2441 | D:3      | Gained mutation: You have sharp toenails. [demonic ancestry]
  2441 | D:3      | Reached XP level 4. HP: 22/33 MP: 3/7
  2600 | D:3      | HP: 1/33 [orc/tomahawk (6)]
  3117 | D:3      | Gained mutation: You have sharp fingernails. [demonic ancestry]
  3117 | D:3      | Reached XP level 5. HP: 38/38 MP: 5/9
  4189 | D:4      | Gained mutation: You regenerate magic rapidly. [demonic ancestry]
  4189 | D:4      | Reached XP level 6. HP: 46/46 MP: 6/10
  4213 | D:4      | Found an iron altar of Okawaru.
  4618 | D:4      | Became a worshipper of Warmaster Okawaru
  4736 | D:4      | Noticed Duvessa
  4736 | D:4      | Noticed Dowan
  4751 | D:4      | Killed Duvessa
  4751 | D:4      | Reached skill level 5 in Unarmed Combat
  4751 | D:4      | Reached skill level 1 in Invocations
  4751 | D:4      | Reached XP level 7. HP: 28/52 MP: 6/12
  4793 | D:4      | Killed Dowan
  4981 | D:4      | Found a glowing golden altar of the Shining One.
  5028 | D:4      | Found a basalt altar of Yredelemnul.
  5188 | D:5      | Entered Level 5 of the Dungeon
  5239 | D:5      | Reached * piety under Okawaru
  5581 | D:5      | Noticed Sigmund
  5604 | D:5      | Killed Sigmund
  5906 | D:5      | Found a hide-covered altar of Uskayaw.
  5909 | D:5      | Gained mutation: You have very sharp fingernails. [demonic ancestry]
  5909 | D:5      | Reached XP level 8. HP: 60/60 MP: 14/14
  5999 | D:5      | Noticed Menkaure
  6009 | D:5      | Killed Menkaure
  6692 | D:5      | Reached ** piety under Okawaru
  7040 | D:6      | Found Guotury's Distillery.
  7135 | D:6      | Bought a potion of lignification for 45 gold pieces
  7135 | D:6      | Bought a potion of curing for 45 gold pieces
  7166 | D:6      | Found a staircase to the Ecumenical Temple.
  7183 | D:6      | Found Bekeulask's Antique Weapon Boutique.
  7193 | D:6      | Gained mutation: You are partially covered in sharp spines. [demonic ancestry]
  7193 | D:6      | Reached XP level 9. HP: 48/67 MP: 16/16
  7200 | D:6      | Reached skill level 5 in Fighting
  7204 | D:6      | Reached skill level 5 in Invocations
  7550 | D:6      | Found Zurizam's Antique Armour Shop.
  7715 | D:6      | Found Ifaachor's Magic Scroll Shop.
  7718 | D:6      | Bought a scroll of identify for 24 gold pieces
  7725 | D:6      | Found an ornate altar of the Wu Jian Council.
  7790 | D:6      | Found a radiant altar of Vehumet.
  7803 | D:6      | Reached skill level 5 in Spellcasting
  7896 | D:6      | Found a burning altar of Makhleb.
  7944 | D:7      | Reached skill level 5 in Transmutations
  8180 | D:7      | Reached *** piety under Okawaru
  8948 | D:8      | Noticed a two-headed ogre
  8959 | D:8      | Killed a two-headed ogre
  8959 | D:8      | Reached **** piety under Okawaru
  8959 | D:8      | Reached XP level 10. HP: 30/76 MP: 10/18
  9802 | D:9      | Learned a level 5 spell: Blade Hands
 10376 | D:9      | Found a snail-covered altar of Cheibriados.
 10476 | D:9      | Noticed a two-headed ogre
 10490 | D:9      | Killed a two-headed ogre
 10743 | D:9      | Noticed a purple ugly thing
 10826 | D:9      | Killed a purple ugly thing
 10895 | D:9      | Noticed a two-headed ogre
 10910 | D:9      | Killed a two-headed ogre
 10952 | D:9      | Noticed a two-headed ogre
 10966 | D:9      | Reached XP level 11. HP: 67/83 MP: 20/20
 10975 | D:9      | Killed a two-headed ogre
 10975 | D:9      | Reached ***** piety under Okawaru
 11480 | D:9      | Noticed a brown ugly thing
 11482 | D:9      | Noticed a four-headed hydra
 11503 | D:9      | Killed a four-headed hydra
 11503 | D:9      | Received a gift from Okawaru
 11512 | D:9      | Killed a brown ugly thing
 12010 | D:9      | Found a blossoming altar of Fedhas.
 12022 | D:9      | Reached skill level 10 in Unarmed Combat
 12377 | D:10     | Entered Level 10 of the Dungeon
 12661 | D:10     | Noticed a two-headed ogre
 12668 | D:10     | Killed a two-headed ogre
 12750 | D:10     | Reached skill level 5 in Dodging
 12765 | D:10     | Found a roughly hewn altar of Beogh.
 12960 | D:10     | Found a staircase to the Lair.
 13573 | D:10     | Found a staircase to the Orcish Mines.
 13582 | D:10     | Gained mutation: You are mostly covered in sharp spines. [demonic ancestry]
 13582 | D:10     | Reached XP level 12. HP: 92/92 MP: 23/23
 13802 | Lair:1   | Entered Level 1 of the Lair of Beasts
 13885 | Lair:1   | Noticed an eight-headed hydra
 13890 | Lair:1   | Killed a ten-headed hydra
 13894 | Lair:1   | HP: 5/138 [black mamba (7)]
 13894 | Lair:1   | HP: 1/138 [hippogriff (4)]
 15101 | Lair:2   | Received a gift from Okawaru
 15331 | Lair:2   | Reached skill level 1 in Armour
 15401 | Lair:2   | Learned a level 4 spell: Ice Form
 15408 | Lair:2   | Found a staircase to the Swamp.
 15419 | Lair:2   | Reached skill level 10 in Invocations
 15995 | Lair:3   | Noticed Gastronok
 16008 | Lair:3   | Killed Gastronok
 16008 | Lair:3   | Received a gift from Okawaru
 16210 | Lair:3   | Noticed an eight-headed hydra
 16490 | Lair:3   | Killed an eight-headed hydra
 16716 | Lair:3   | Noticed a death yak
 16729 | Lair:3   | Killed a death yak
 16729 | Lair:3   | Gained mutation: You have a pair of horns on your head. [demonic ancestry]
 16729 | Lair:3   | Reached XP level 13. HP: 39/100 MP: 5/25
 17578 | Lair:4   | Received a gift from Okawaru
 17650 | Lair:4   | Found a frozen archway.
 17686 | IceCv    | Entered an ice cave
 17883 | IceCv    | Noticed a frost giant
 18013 | Lair:4   | Found a staircase to the Snake Pit.
 18636 | Lair:5   | Found a transporter.
 18640 | Lair:5   | Found a transporter.
 18640 | Lair:5   | Noticed Dukluodd's ghost (journeyman HaGl)
 19220 | Lair:6   | Entered Level 6 of the Lair of Beasts
 19225 | Lair:6   | Received a gift from Okawaru
 19388 | Lair:6   | Gained mutation: You have razor-sharp toenails. [demonic ancestry]
 19388 | Lair:6   | Reached XP level 14. HP: 102/108 MP: 27/27
 19486 | Lair:6   | Identified a scroll of acquirement
 19487 | Lair:6   | Got a vibrating garnet amulet
 19488 | Lair:6   | Identified the amulet "Xisi" {Reflect rN++ SH+2} (You acquired it on level 6 of the Lair of Beasts)
 20281 | Lair:6   | Reached ****** piety under Okawaru
 20441 | Lair:6   | Found a staircase to the Slime Pits.
 20442 | Lair:6   | Found a viscous altar of Jiyva.
 20687 | Lair:6   | Found a large runed door.
 20687 | Lair:6   | Found a large runed door.
 20699 | Lair:6   | Received a gift from Okawaru
 21263 | D:11     | Reached skill level 5 in Armour
 21340 | D:11     | Found Daudilep's Jewellery Shoppe.
 21491 | D:11     | Noticed Erolcha
 21504 | D:11     | Killed Erolcha
 21547 | D:11     | Reached skill level 10 in Fighting
 21758 | D:11     | Noticed Josephine
 21769 | D:11     | Killed Josephine
 22411 | D:12     | Found a radiant altar of Vehumet.
 22991 | D:13     | Received a gift from Okawaru
 23039 | D:13     | Reached skill level 10 in Transmutations
 23324 | D:13     | Found a gate to the Vaults.
 23606 | D:13     | Reached XP level 15. HP: 114/116 MP: 26/28
 24424 | D:14     | Received a gift from Okawaru
 25019 | D:15     | Entered Level 15 of the Dungeon
 25163 | D:15     | Found a runed door.
 25164 | D:15     | Noticed Deth's ghost (journeyman DsBe)
 25172 | D:15     | Found a hazy altar of Hepliaklqana.
 25582 | D:15     | Reached skill level 10 in Spellcasting
 25584 | D:15     | Reached skill level 1 in Evocations
 25585 | D:15     | Found a staircase to the Depths.
 25845 | D:15     | Found a shadowy altar of Dithmenos.
 26008 | D:15     | Found a glowing golden altar of the Shining One.
 26306 | Swamp:1  | Entered Level 1 of the Swamp
 26468 | Swamp:1  | Noticed Nikola
 26484 | Swamp:1  | HP: 4/175 [tyrant leech (14)]
 27021 | Swamp:1  | Received a gift from Okawaru
 27047 | Swamp:1  | Killed Nikola
 27592 | Swamp:2  | HP: 4/117 [shambling mangrove (19)]
 27603 | Swamp:2  | HP: 1/175 [cyan ugly thing (13)]
 27608 | Swamp:2  | Slain by an alligator

Vault maps used:
D:1:      elethiomel_arrival_diamonds, minmay_tetromino_l2
D:2:      serial_bayou_ford_a
D:3:      lemuel_crystal_altar
D:4:      nicolae_overflow_crystal_walls, lemuel_round_altar, okawaru_trees_1,
          first_ration, uniq_duvessa
D:5:      overflow_temple_1_default, uniq_menkaure, uniq_sigmund
D:6:      old_standard_altar, lemuel_crystal_altar, lemuel_round_altar,
          minmay_temple_entry_overgrown, serial_shops, shop, kennysheep_mini,
          shop_statue, nicolae_shop_trees, minmay_crystal_room
D:8:      lemuel_ice_spiral_2
D:9:      minmay_the_grid_square_5x5_4x4, slow_altar_1,
          fedhas_altar_decomposition
D:10:     david_lair_generic, erik_orc_1, serial_curves, eino_curves_03,
          eino_curves_01, special_room
D:11:     serial_shops, shop, grunt_pizzeria, uniq_josephine, uniq_erolcha
D:12:     kennysheep_seaside_town, lemuel_tele_altar
D:13:     erik_vaults_1
D:14:     minmay_misc_feat_cross
D:15:     gammafunk_depths_entry_grave, tso_altar, basic_altar,
          gammafunk_ghost_grave, grunt_dithmenos_shadows
Lair:2:   minmay_swamp_entry_reptiles, grunt_megastairs_1
Lair:3:   beast_lair_carwin_1, uniq_gastronok
Lair:4:   guppyfry_snake_entry_garden, portal_ice_cave_entry_pillars_1
Lair:5:   gammafunk_ghost_arena
Lair:6:   cheibrodos_lair_end_hotspot, slime_altar_1
Swamp:1:  serial_swamp_ruin, evilmike_swamp_ruin_house_4,
          hangedman_swamp_ruin_wall, hangedman_swamp_ruin_hall,
          infiniplex_staircase_pool, uniq_nikola
Swamp:2:  evilmike_swamp_ruin_house_2, swamp_pool1
IceCv:    ice_cave_small_giant

Skill      XL: |  1  2  3  4  5  6  7  8  9 10 11 12 13 14 15 |
---------------+----------------------------------------------+-----
Transmutations | 2 3 4 5 6 7 8 9 10 | 10.9
Unarmed Combat | 3 4 5 7 8 9 10 11 12 13 | 13.8
Fighting       | 2 3 4 6 7 8 9 10 | 10.8
Spellcasting   | 3 4 5 6 7 8 9 10 | 10.2
Invocations    | 1 3 4 6 7 9 10 11 12 13 | 13.0
Dodging        | 2 4 5 6 7 8 |  8.9
Armour         | 2 4 5 |  5.0
Evocations     | 2 |  2.3

Action                   |  1- 3 |  4- 6 |  7- 9 | 10-12 | 13-15 || total
-------------------------+-------+-------+-------+-------+-------++-------
Melee: Unarmed           |   173 |   120 |   264 |   658 |  1002 ||  2217
       Kick              |    22 |     9 |    18 |    86 |     8 ||   143
       Headbutt          |    32 |     9 |    14 |    53 |   198 ||   306
       Punch             |     1 |     1 |     3 |    21 |    65 ||    91
 Cast: Beastly Appendage |    23 |       |       |       |       ||    23
       Spider Form       |     1 |    11 |    25 |    35 |     1 ||    73
       Sticks to Snakes  |     1 |       |     2 |       |     1 ||     4
       Blade Hands       |       |       |       |     4 |    38 ||    42
       Ice Form          |       |       |       |     2 |     7 ||     9
Invok: Heroism           |       |       |    12 |    27 |    28 ||    67
       Finesse           |       |       |       |     2 |     3 ||     5
Evoke: Wand              |       |       |     5 |       |       ||     5
  Use: Scroll            |     6 |       |     3 |    13 |    16 ||    38
       Potion            |       |     1 |     3 |     4 |     6 ||    14
 Stab: Sleeping          |     2 |       |     1 |     3 |     3 ||     9
       Distracted        |       |       |     1 |     1 |     2 ||     4
       Confused          |       |       |       |     1 |       ||     1
       Petrified         |       |       |       |       |     1 ||     1
  Eat: Chunk             |     5 |     9 |    10 |    24 |    29 ||    77
       Ration            |       |       |     2 |     2 |     5 ||     9
Armor: Robe              |    24 |     3 |    13 |     7 |       ||    47
       Skin              |       |     5 |     8 |    35 |    15 ||    63
       Troll leather arm |       |       |       |    25 |   116 ||   141
Dodge: Dodged            |   140 |   104 |   210 |   514 |   599 ||  1567
Block: Other             |       |       |       |       |    35 ||    35
       Reflection        |       |       |       |       |     3 ||     3

Table legend:
 A = Spawn XP
 B = Non-spawn XP
 C = Spawn XP percentage of total XP
 D = Spawn monster count
 E = Non-spawn monster count
 F = Spawn count percentage of total count
 G = Total turns spent on level
                    A         B        C        D         E        F      G
               +---------+---------+-------+---------+---------+-------+---------
         Total |       0 |  134860 |   0.0 |       0 |     773 |   0.0 | 27608
               +---------+---------+-------+---------+---------+-------+---------
           D:1 |       0 |      66 |   0.0 |       0 |      40 |   0.0 |  1579
           D:2 |       0 |      67 |   0.0 |       0 |      12 |   0.0 |  1052
           D:3 |       0 |     231 |   0.0 |       0 |      27 |   0.0 |  1553
           D:4 |       0 |     599 |   0.0 |       0 |      14 |   0.0 |  1004
           D:5 |       0 |    1092 |   0.0 |       0 |      20 |   0.0 |  1648
           D:6 |       0 |    1197 |   0.0 |       0 |      32 |   0.0 |  1090
           D:7 |       0 |    1020 |   0.0 |       0 |      28 |   0.0 |   807
           D:8 |       0 |    2199 |   0.0 |       0 |      27 |   0.0 |  1061
           D:9 |       0 |    9293 |   0.0 |       0 |      65 |   0.0 |  2583
          D:10 |       0 |    6479 |   0.0 |       0 |      91 |   0.0 |  1451
          D:11 |       0 |    7829 |   0.0 |       0 |      36 |   0.0 |   919
          D:12 |       0 |    7778 |   0.0 |       0 |      65 |   0.0 |   870
          D:13 |       0 |    9419 |   0.0 |       0 |      46 |   0.0 |  1104
          D:14 |       0 |    8045 |   0.0 |       0 |      35 |   0.0 |   993
          D:15 |       0 |    8025 |   0.0 |       0 |      15 |   0.0 |  1133
        Lair:1 |       0 |    3926 |   0.0 |       0 |      13 |   0.0 |  1223
        Lair:2 |       0 |    4679 |   0.0 |       0 |      27 |   0.0 |  1017
        Lair:3 |       0 |    7641 |   0.0 |       0 |      25 |   0.0 |  1336
        Lair:4 |       0 |    7055 |   0.0 |       0 |      25 |   0.0 |   832
        Lair:5 |       0 |    8284 |   0.0 |       0 |      21 |   0.0 |   919
        Lair:6 |       0 |   21006 |   0.0 |       0 |      54 |   0.0 |  1847
       Swamp:1 |       0 |   11939 |   0.0 |       0 |      31 |   0.0 |  1200
       Swamp:2 |       0 |    3662 |   0.0 |       0 |       9 |   0.0 |   102
         IceCv |       0 |    3329 |   0.0 |       0 |      15 |   0.0 |   285
               +---------+---------+-------+---------+---------+-------+---------
